 Dungeon Sprint DCSS version 0.21-a0-47-g7c8f537 (webtiles) character file.

683 Kidiri the Grappler (level 7, -2/72 HPs)
             Began as a Troll Monk on June 8, 2017.
             Was a Believer of Okawaru.
             Slain by a two-headed ogre
             ... wielding a +0 giant club
              (16 damage)
             ... in the Dungeon (Sprint IX: "|||||||||||||||||||||||||||||").
             The game lasted 00:03:21 (439 turns).

Kidiri the Grappler (Troll Monk)                     Turns: 439, Time: 00:03:22

Health: -2/72      AC:  5    Str: 20    XL:     7   Next: 35%
Magic:  6/8        EV: 19    Int:  9    God:    Okawaru [**....]
Gold:   0          SH:  0    Dex: 14    Spells: 6/6 levels left

rFire    . . .     SeeInvis .     - Unarmed
rCold    + . .     Gourm    +   (no shield)
rNeg     . . .     Faith    .   a - +0 robe
rPois    .         Spirit   .   (helmet restricted)
rElec    .         Reflect  .   (no cloak)
rCorr    .         Harm     .   (gloves unavailable)
MR       .....     NoTele   +   (boots unavailable)
Stlth    ++++......             (no amulet)
Regen    0.7/turn               o - +3 ring of intelligence
MPRegen  0.2/turn               p - +2 ring of evasion

@: heroism
A: unfitting armour, claws 3, blink, cold resistance 1, deterioration 1, fast
metabolism 3, gourmand, regeneration 1, shaggy fur 1, tough skin 2, wild magic
1, no potion heal 1
a: Blink, Heroism, Renounce Religion


You were in the Dungeon.
You worshipped Okawaru.
Okawaru was pleased with you.
You were completely stuffed.

You visited 1 branch

Inventory:

Armour
 a - a +0 robe (worn)
Jewellery
 o - a +3 ring of intelligence (left claw)
 p - a +2 ring of evasion (right claw)
Wands
 k - a wand of acid (7/15)
Scrolls
 h - 2 scrolls of blinking
 i - 3 scrolls of remove curse
 j - 2 scrolls of amnesia
Potions
 c - a potion of invisibility
 d - a potion of heal wounds
 e - a potion of haste
 f - 4 potions of magic
 g - 4 potions of curing
Comestibles
 b - 2 bread rations
 l - a chunk of flesh


   Skills:
 + Level 5.4(10.4) Fighting
 + Level 4.8(9.8) Armour
 * Level 7.5(12.5) Dodging
 + Level 3.8(8.8) Stealth
 * Level 9.0(14.0) Unarmed Combat
 + Level 3.2 Invocations


You had 6 spell levels left.
You didn't know any spells.

Dungeon Overview and Level Annotations

Branches:
Dungeon (1/1)

Altars:
Cheibriados
Dithmenos
Elyvilon
Fedhas
Gozag
Hepliaklqana
Kikubaaqudgha
Makhleb
Nemelex Xobeh
Okawaru
Qazlal
Ru
Sif Muna
Trog
Uskayaw
Vehumet
Wu Jian
Xom
Yredelemnul
Zin
The Shining One
Beogh
Jiyva
Lugonu


Innate Abilities, Weirdness & Mutations

You are too large for most types of armour.
You have claws for hands.
Your metabolism is lightning-fast.
You like to eat raw meat.
Your natural rate of healing is unusually fast.
You are covered in fur. (AC +1)
You have very tough skin. (AC +2)
You can translocate small distances at will.
Your flesh is cold resistant. (rC+)
Your body sometimes deteriorates upon taking damage.
Your spells are a little harder to cast, but a little more powerful.
Potions are less effective at restoring your health.


Message History

The two-headed ogre hits you with a giant club.
The two-headed ogre hits you with a giant club!!
* * * LOW HITPOINT WARNING * * *
You scratch the two-headed ogre but do no damage.
The two-headed ogre is moderately wounded.
Okay, then.
You fail to use your ability.
The two-headed ogre misses you.
The two-headed ogre hits you with a giant club!!
* * * LOW HITPOINT WARNING * * *
You don't have enough health at the moment.
Okay, then.
Unknown command.
Your system partially rejects the healing.
You feel much better. The two-headed ogre misses you.
The two-headed ogre completely misses you.
You barely miss the two-headed ogre.
The two-headed ogre is moderately wounded.
The two-headed ogre barely misses you.
The two-headed ogre hits you with a giant club!
You die... ▓▓▓▓▓▓▓▓▓▓▓▓▓▓▓▓▓▓▓▓▓▓▓▓▓▓▓▓▓▓▓▓▓ ▓<...'.....'....@OaF_____________ ▓▓▓▓▓▓▓▓▓▓▓▓▓▓▓▓▓▓▓▓▓▓▓▓▓▓▓▓▓▓▓▓▓

You could see a two-headed ogre, a bullfrog and a worker ant.

Vanquished Creatures
  A hippogriff (D)
  A steam dragon (D)
  A sky beast (D)
  An ice beast (D)
  A gnoll sergeant (D)
  A bullfrog (D)
  A howler monkey (D)
  A worker ant (D)
  An adder zombie (D)
  A leopard gecko (D)
  2 giant cockroaches (D)
  A jackal (D)
  2 quokkas (D)
  2 bats (D)
  A rat (D)
18 creatures vanquished.

Notes
Turn   | Place    | Note
-------+----------+-------------------------------------------
     0 | D        | Kidiri the Troll Monk began the quest for the Orb.
     0 | D        | Reached XP level 1. HP: 22/22 MP: 0/0
   129 | D        | Noticed a sky beast
   129 | D        | Noticed an ice beast
   129 | D        | Noticed a howler monkey
   152 | D        | Killed a sky beast
   152 | D        | Reached skill level 5 in Unarmed Combat
   152 | D        | Reached XP level 2. HP: 7/31 MP: 1/1
   152 | D        | Reached XP level 3. HP: 8/37 MP: 2/2
   152 | D        | Reached XP level 4. HP: 10/45 MP: 3/3
   161 | D        | Killed an ice beast
   161 | D        | Reached skill level 5 in Dodging
   161 | D        | Reached skill level 6 in Unarmed Combat
   161 | D        | Reached XP level 5. HP: 8/54 MP: 4/4
   164 | D        | Reached skill level 7 in Unarmed Combat
   174 | D        | Gained mutation: Potions are less effective at restoring your health. [mutagenic meat]
   175 | D        | Gained mutation: Your flesh is cold resistant. (rC+) [mutagenic meat]
   176 | D        | Gained mutation: You can translocate small distances at will. [mutagenic meat]
   177 | D        | Gained mutation: Your spells are a little harder to cast, but a little more powerful. [mutagenic meat]
   179 | D        | Gained mutation: Your body sometimes deteriorates upon taking damage. [mutagenic meat]
   245 | D        | Found a roughly hewn altar of Beogh.
   245 | D        | Found a snail-covered altar of Cheibriados.
   245 | D        | Found a shadowy altar of Dithmenos.
   245 | D        | Found a white marble altar of Elyvilon.
   245 | D        | Found a blossoming altar of Fedhas.
   245 | D        | Found an opulent altar of Gozag.
   246 | D        | Found a hazy altar of Hepliaklqana.
   247 | D        | Found a viscous altar of Jiyva.
   248 | D        | Found an ancient bone altar of Kikubaaqudgha.
   249 | D        | Found a corrupted altar of Lugonu.
   250 | D        | Found a burning altar of Makhleb.
   251 | D        | Found a sparkling altar of Nemelex Xobeh.
   254 | D        | Found an iron altar of Okawaru.
   255 | D        | Found a stormy altar of Qazlal.
   256 | D        | Found a sacrificial altar of Ru.
   257 | D        | Found a deep blue altar of Sif Muna.
   258 | D        | Found a bloodstained altar of Trog.
   259 | D        | Found a hide-covered altar of Uskayaw.
   260 | D        | Found a radiant altar of Vehumet.
   261 | D        | Found an ornate altar of the Wu Jian Council.
   262 | D        | Became a worshipper of Warmaster Okawaru
   262 | D        | Reached * piety under Okawaru
   262 | D        | Reached ** piety under Okawaru
   263 | D        | Found a shimmering altar of Xom.
   264 | D        | Found a basalt altar of Yredelemnul.
   265 | D        | Found a glowing silver altar of Zin.
   266 | D        | Found a glowing golden altar of the Shining One.
   305 | D        | Noticed a hippogriff
   326 | D        | Reached skill level 1 in Invocations
   326 | D        | Reached XP level 6. HP: 44/63 MP: 1/6
   330 | D        | Killed a hippogriff
   330 | D        | Reached skill level 5 in Fighting
   330 | D        | Reached skill level 8 in Unarmed Combat
   375 | D        | Noticed a steam dragon
   375 | D        | Noticed a two-headed ogre
   382 | D        | Killed a steam dragon
   382 | D        | Reached XP level 7. HP: 44/72 MP: 4/8
   392 | D        | Reached skill level 9 in Unarmed Combat
   437 | D        | HP: 3/72 [two-headed ogre/giant club (18)]
   439 | D        | Slain by a two-headed ogre

Vault maps used:
D:        linesprint

Skill      XL: |  1  2  3  4  5  6  7 |
---------------+----------------------+-----
Dodging        | 4 5 6 7 |  7.5
Fighting       | 3 4 5 |  5.4
Armour         | 2 3 4 |  4.8
Stealth        | 2 3 |  3.8
Unarmed Combat | 5 6 7 8 9 |  9.0
Invocations    | 1 3 |  3.2

Action                   |  1- 3 |  4- 6 |  7- 9 || total
-------------------------+-------+-------+-------++-------
Melee: Unarmed           |    36 |    37 |     7 ||    80
       Punch             |       |     3 |       ||     3
Invok: Heroism           |       |     3 |     1 ||     4
  Use: Potion            |     1 |     2 |     1 ||     4
 Stab: Sleeping          |       |     2 |       ||     2
  Eat: Chunk             |     2 |    13 |     1 ||    16
Armor: Robe              |    15 |     2 |     1 ||    18
Dodge: Dodged            |    14 |    25 |     6 ||    45
